 Dungeon Crawl Stone Soup version 0.22-a0-322-g60b3cfd (webtiles) character file.

6379 GameOver the Covert (level 10, -4/92 HPs)
             Began as a Naga Wizard on Apr 2, 2018.
             Was an Initiate of Cheibriados.
             Slain by a vampire (9 damage)
             ... on level 10 of the Dungeon.
             The game lasted 01:09:02 (7237 turns).

GameOver the Covert (Naga Wizard)                   Turns: 7237, Time: 01:09:03

Health: -4/92      AC: 10    Str: 12    XL:     10   Next: 97%
Magic:  6/14       EV: 17    Int: 22    God:    Cheibriados [......]
Gold:   462        SH:  0    Dex: 15    Spells: 9/15 levels left

rFire    + + .     SeeInvis +   A - +1 long sword (elec)
rCold    + . .     Gourm    .   (no shield)
rNeg     . . .     Faith    .   C - +1 robe {rC+ rF+}
rPois    +         Spirit   .   F - +2 hat
rElec    .         Reflect  .   E - +2 cloak
rCorr    .         Harm     .   (no gloves)
MR       +....                  (no barding)
Stlth    +++++.....             (no amulet)
HPRegen  0.25/turn              l - ring of wizardry
MPRegen  0.14/turn              O - ring of protection from fire

@: agile, very slow
A: large, see invisible, deformed body, poison resistance, slowness 2, slow
metabolism 1, spit poison 1, AC +3
a: Spit Poison, Bend Time, Renounce Religion


You were on level 10 of the Dungeon.
You worshipped Cheibriados.
Cheibriados was noncommittal.
You were very hungry.

You visited 2 branches of the dungeon, and saw 11 of its levels.

You collected 516 gold pieces.
You spent 54 gold pieces at shops.

Inventory:

Hand Weapons
 a - a +0 great sword
 f - a +3 spear
 k - a +2 great mace of protection
 z - a +2 dagger of holy wrath
 A - a +1 long sword of electrocution (weapon)
 B - a +2 dire flail of protection
 J - a +0 battleaxe
Missiles
 j - 126 bolts
Armour
 u - a cursed +0 ring mail
 w - a +0 helmet
 y - a +0 leather armour
 C - a +1 robe of resistance (worn)
 E - a +2 cloak (worn)
 F - a +2 hat (worn)
Jewellery
 l - a ring of wizardry (left hand)
 O - a ring of protection from fire (right hand)
Wands
 o - a wand of flame (30)
 t - a wand of enslavement (5)
 H - a wand of acid (10)
 L - a wand of disintegration (26)
Scrolls
 e - 9 scrolls of remove curse
 h - 4 scrolls of fear {unknown}
 i - a scroll of immolation
 n - 3 scrolls of noise {unknown}
 p - 3 scrolls of teleportation
 q - 3 scrolls of enchant weapon {unknown}
 v - 2 scrolls of enchant armour {unknown}
 x - 3 scrolls of amnesia {unknown}
 M - a scroll of silence
 N - a scroll of magic mapping
Potions
 b - a potion of curing
 c - 3 potions of flight
 g - 2 potions of brilliance
 m - 3 potions of haste
 r - a potion of magic
 s - 2 potions of mutation
 G - a potion of agility
 I - a potion of berserk rage
Comestibles
 d - 14 rations


   Skills:
 + Level 6.5 Fighting
 + Level 6.5 Long Blades
 + Level 4.4 Dodging
 - Level 8.0 Stealth
 - Level 3.0 Spellcasting
 - Level 6.2 Conjurations
   Level 1.0 Summonings
 - Level 1.0 Translocations
 - Level 5.6 Air Magic
 - Level 5.1 Poison Magic
 + Level 4.4 Invocations
 + Level 4.1 Evocations


You had 9 spell levels left.
You knew the following spells:

 Your Spells              Type           Power        Failure   Level  Hunger
a - Magic Dart            Conj           ####         1%          1    None
b - Blink                 Tloc           N/A          4%          2    ##.....
s - Mephitic Cloud        Conj/Pois/Air  ####....     1%          3    ###....


Dungeon Overview and Level Annotations

Branches:
Dungeon (10/15)            Temple (1/1) D:7
   Lair: D:8-11         Orc: D:9-12

Altars:
Ashenzari
Cheibriados
Dithmenos
Elyvilon
Fedhas
Gozag
Hepliaklqana
Kikubaaqudgha
Makhleb
Nemelex Xobeh
Okawaru
Qazlal
Ru
Sif Muna
Trog
Uskayaw
Vehumet
Wu Jian
Xom
Yredelemnul
Zin
The Shining One

Shops:
D:8 *


Innate Abilities, Weirdness & Mutations

You cannot wear boots.
Your serpentine skin is tough. (AC +3)
You have supernaturally acute eyesight. (SInv)
Armour fits poorly on your strangely shaped body.
Your system is resistant to poisons. (rPois)
You cover ground very slowly.
You have a slow metabolism.
You can spit poison.


Message History

The hippogriff appears confused.
The vampire is infused with unholy energy.
* * * LOW HITPOINT WARNING * * *
The vampire draws life force from you and is healed!
You closely miss the vampire.
The vampire is heavily damaged.
The vampire hits you!
* * * LOW HITPOINT WARNING * * *
The vampire misses you.
Unknown command.
You hit the vampire but do no damage.
The vampire is heavily damaged.
The vampire completely misses you. The vampire bites you.
* * * LOW HITPOINT WARNING * * *
The vampire draws strength from your injuries!
Unknown command.
You hit the vampire.
The vampire is moderately damaged.
The vampire hits you!
You die...

######+####
#........H#
#.........#
#x....@...#
#.....V...#
#..<......#
#.........+
#.........#
+......†..#
#.........#
######+####


You could see a hippogriff (confused), an unseen horror (confused) and a vampire
(invisible).

Vanquished Creatures
  2 two-headed ogres
  Pikel (D:6)
  A centaur skeleton (D:9)
  A hornet (D:8)
  A hippogriff (D:7)
  A human (D:7)
  4 hogs (D:7)
  Edmund (D:4)
  A water moccasin (D:8)
  A slave (D:6)
  A necrophage (D:8)
  An eye of draining (D:8)
  A sky beast (D:8)
  A hornet zombie (D:7)
  2 ice beasts
  A phantom (D:8)
  2 centaurs
  6 ogres
  4 bullfrogs
  A water moccasin zombie (D:7)
  2 scorpions
  4 wights (D:8)
  3 crimson imps
  3 hounds
  A quasit (D:5)
  2 bullfrog skeletons
  3 jellies
  A gnoll shaman (D:4)
  5 orc priests
  4 orc wizards
  Jessica (D:2)
  Ijyb (D:3)
  Terence (D:2)
  An iguana (D:9)
  Natasha (twice) (D:2)
  5 worker ants
  A killer bee zombie (D:8)
  A hound zombie (D:8)
  3 hound skeletons
  A worker ant zombie (D:9)
  10 adders
  8 gnolls
  2 shadow imps
  2 oozes
  2 worms
  5 dart slugs
  7 leopard geckos
  26 orcs
  3 ball pythons
  7 giant cockroaches
  10 goblins
  15 hobgoblins
  9 jackals
  6 kobolds
  4 quokkas
  10 bats
  3 frilled lizards
  5 rats
213 creatures vanquished.

Vanquished Creatures (others)
  A hound zombie (D:7)
  A leopard gecko skeleton (D:6)
2 creatures vanquished.

Grand Total: 215 creatures vanquished

Notes
Turn   | Place    | Note
-------+----------+-------------------------------------------
     0 | D:1      | GameOver the Naga Wizard began the quest for the Orb.
     0 | D:1      | Reached XP level 1. HP: 15/15 MP: 4/4
    46 | D:1      | Reached XP level 2. HP: 22/22 MP: 4/6
   164 | D:1      | Reached XP level 3. HP: 28/28 MP: 1/7
   174 | D:1      | Learned a level 2 spell: Blink
   178 | D:1      | Learned a level 3 spell: Mephitic Cloud
   192 | D:1      | Reached skill level 4 in Stealth
   610 | D:2      | Reached XP level 4. HP: 19/36 MP: 4/8
   654 | D:2      | Reached skill level 1 in Air Magic
   806 | D:2      | Reached skill level 1 in Poison Magic
  1003 | D:2      | Noticed Natasha
  1009 | D:2      | Killed Natasha
  1009 | D:2      | Reached XP level 5. HP: 42/42 MP: 4/9
  1047 | D:2      | Noticed Terence
  1058 | D:2      | Killed Terence
  1236 | D:2      | Found a sparkling altar of Nemelex Xobeh.
  1237 | D:2      | Noticed Jessica
  1243 | D:2      | Killed Jessica
  1281 | D:2      | Noticed Natasha
  1328 | D:2      | Killed Natasha
  1328 | D:2      | Reached skill level 5 in Stealth
  1494 | D:2      | Found a deep blue altar of Sif Muna.
  1497 | D:2      | Found a hazy altar of Hepliaklqana.
  1501 | D:2      | Found a shimmering altar of Xom.
  1502 | D:2      | Found a burning altar of Makhleb.
  1502 | D:2      | Found a sacrificial altar of Ru.
  1508 | D:2      | Found a stormy altar of Qazlal.
  1615 | D:3      | Reached XP level 6. HP: 34/49 MP: 6/10
  1712 | D:3      | Found a stormy altar of Qazlal.
  1804 | D:3      | Noticed Ijyb
  1823 | D:3      | Killed Ijyb
  2449 | D:4      | Reached XP level 7. HP: 46/55 MP: 3/11
  2530 | D:4      | Found a shattered altar of Ashenzari.
  2684 | D:4      | Noticed Edmund
  2710 | D:4      | Killed Edmund
  2710 | D:4      | Reached skill level 1 in Fighting
  2710 | D:4      | Reached skill level 1 in Long Blades
  2710 | D:4      | Reached skill level 5 in Conjurations
  2831 | D:4      | Found a sacrificial altar of Ru.
  3023 | D:5      | Entered Level 5 of the Dungeon
  3100 | D:5      | Reached XP level 8. HP: 64/64 MP: 10/12
  3215 | D:5      | Found an iron altar of Okawaru.
  3458 | D:5      | Found a shimmering altar of Xom.
  3558 | D:6      | Noticed Pikel
  3593 | D:6      | Killed Pikel
  3593 | D:6      | Reached skill level 5 in Air Magic
  3593 | D:6      | Reached skill level 5 in Poison Magic
  3763 | D:6      | Reached XP level 9. HP: 35/76 MP: 7/13
  4053 | D:7      | Found a radiant altar of Vehumet.
  4134 | D:7      | Found a flagged portal.
  4191 | D:7      | Found a sparkling altar of Nemelex Xobeh.
  4299 | D:7      | Found a staircase to the Ecumenical Temple.
  4308 | Temple   | Entered the Ecumenical Temple
  4526 | D:7      | Reached skill level 6 in Stealth
  4607 | D:5      | Became a worshipper of Warmaster Okawaru
  5073 | D:7      | Reached skill level 5 in Fighting
  5073 | D:7      | Reached skill level 5 in Long Blades
  5073 | D:7      | Reached skill level 1 in Invocations
  5073 | D:7      | Reached skill level 1 in Evocations
  5087 | D:7      | Reached * piety under Okawaru
  5087 | D:7      | Reached skill level 7 in Stealth
  5102 | D:7      | Reached XP level 10. HP: 20/88 MP: 1/14
  5379 | D:8      | Reached ** piety under Okawaru
  5460 | D:8      | Found Fyota's Assorted Antiques.
  5465 | D:8      | Bought a scroll labeled IRCHOU ODOLI for 18 gold pieces
  5465 | D:8      | Bought a scroll labeled LIWNIS SUHAG for 18 gold pieces
  5465 | D:8      | Bought a scroll labeled WIFELIR YLYRRE for 18 gold pieces
  5751 | D:8      | Reached skill level 8 in Stealth
  5867 | D:8      | Noticed a two-headed ogre
  5885 | D:8      | You fall through a shaft!
  6031 | D:9      | Noticed a two-headed ogre
  6152 | D:8      | Killed a two-headed ogre
  6558 | D:9      | Killed a two-headed ogre
  6558 | D:9      | Reached *** piety under Okawaru
  6929 | D:9      | Found a snail-covered altar of Cheibriados.
  6930 | D:9      | Fell from the grace of Okawaru
  6935 | D:9      | Became a worshipper of Cheibriados the Contemplative
  7209 | D:10     | Entered Level 10 of the Dungeon
  7209 | D:10     | Noticed an unseen horror
  7237 | D:10     | Slain by a vampire

Vault maps used:
D:1:      lightli_arrival_quake
D:2:      minitemple, lemuel_round_altar, uniq_jessica, uniq_natasha,
          uniq_terence
D:3:      first_ration, nicolae_qazlal_general_emergency, uniq_ijyb
D:4:      ashenzari_altar_1, nicolae_ru_path_of_blood, uniq_edmund
D:5:      lemuel_round_altar, serial_glass, glass_columns_b, glass_columns_c,
          feat_on_display, tgw_xom
D:6:      uniq_pikel
D:7:      fiery_altar_vehumet, minmay_temple_entry_statues_fountains,
          enter_bailey_2, grunt_livestock, nemelex_dance_club_becter
D:8:      serial_shops, nicolae_shop_overgrown_old_shop
D:9:      marbit_many_paths, skrybe_limestone_x
D:10:     orc_0_dummy, serial_glass, glass_columns_b, glass_columns_a,
          uniq_harold, uniq_maurice
Temple:   grunt_temple_mini_profane

Skill      XL: |  1  2  3  4  5  6  7  8  9 10 |
---------------+-------------------------------+-----
Conjurations   | 2 3 4 5 6 |  6.2
Stealth        | 4 5 7 8 |  8.0
Air Magic      | 1 2 3 4 5 |  5.6
Poison Magic   | 1 2 3 4 5 |  5.1
Fighting       | 1 3 5 6 |  6.5
Long Blades    | 1 3 5 6 |  6.5
Dodging        | 3 4 |  4.4
Invocations    | 2 4 |  4.4
Evocations     | 1 4 |  4.1
Spellcasting   | |  3.0
Summonings     | |  1.0
Translocations | |  1.0

Action                   |  1- 3 |  4- 6 |  7- 9 | 10-12 || total
-------------------------+-------+-------+-------+-------++-------
Melee: Whip              |    20 |     5 |       |       ||    25
       Spear             |       |    92 |     9 |       ||   101
       Unarmed           |       |     1 |       |       ||     1
       Long sword        |       |       |   135 |   102 ||   237
       Dire flail        |       |       |     7 |       ||     7
       Punch             |       |       |       |     1 ||     1
 Cast: Magic Dart        |    44 |    88 |    97 |    68 ||   297
       Mephitic Cloud    |       |     5 |    15 |    10 ||    30
       Blink             |       |       |     5 |     2 ||     7
Invok: Heroism           |       |       |       |     1 ||     1
       Renounce Religion |       |       |       |     1 ||     1
 Abil: Spit Poison       |    38 |    51 |    52 |    19 ||   160
       Evoke Berserk Rag |       |       |     1 |       ||     1
Evoke: Wand              |       |       |       |     1 ||     1
  Use: Scroll            |       |     3 |     5 |     5 ||    13
       Potion            |       |     1 |     9 |     1 ||    11
 Stab: Sleeping          |       |     3 |     2 |     3 ||     8
       Confused          |       |       |     2 |     2 ||     4
  Eat: Chunk             |     1 |     8 |     9 |     5 ||    23
       Ration            |       |       |     1 |     1 ||     2
Armor: Robe              |     8 |    15 |    58 |    28 ||   109
Dodge: Dodged            |    10 |    56 |    75 |    58 ||   199
       Rpst.: Long sword |       |       |    16 |     8 ||    24

Table legend:
 A = Spawn XP
 B = Non-spawn XP
 C = Spawn XP percentage of total XP
 D = Spawn monster count
 E = Non-spawn monster count
 F = Spawn count percentage of total count
 G = Total turns spent on level
                    A         B        C        D         E        F      G
               +---------+---------+-------+---------+---------+-------+---------
         Total |       0 |    9114 |   0.0 |       0 |     212 |   0.0 |  7237
               +---------+---------+-------+---------+---------+-------+---------
           D:1 |       0 |      73 |   0.0 |       0 |      37 |   0.0 |   568
           D:2 |       0 |     223 |   0.0 |       0 |      26 |   0.0 |  1000
           D:3 |       0 |     257 |   0.0 |       0 |      39 |   0.0 |   845
           D:4 |       0 |     567 |   0.0 |       0 |      25 |   0.0 |   610
           D:5 |       0 |     424 |   0.0 |       0 |      19 |   0.0 |   596
           D:6 |       0 |    1185 |   0.0 |       0 |      10 |   0.0 |   561
           D:7 |       0 |    2147 |   0.0 |       0 |      23 |   0.0 |   865
           D:8 |       0 |    2491 |   0.0 |       0 |      24 |   0.0 |  1066
           D:9 |       0 |    1677 |   0.0 |       0 |       8 |   0.0 |   909
          D:10 |       0 |      70 |   0.0 |       0 |       1 |   0.0 |    28
               +---------+---------+-------+---------+---------+-------+---------
